[Event "Early-Titled-Tuesday-Blitz-January-23-2024"]
[Site "Chess.com"]
[Date "2024.01.23"]
[Round "6"]
[White "tusplingher"]
[Black "margarita_2703"]
[Result "1-0"]
[WhiteElo "2488"]
[BlackElo "2274"]
[TimeControl "180+1"]
[EndTime "9:04:58 PST"]
[Termination "tusplingher won by resignation"]

1. e4 e5 2. Nf3 Nc6 3. Bb5 a6 4.
Ba4 Nf6 5. d3 Bc5 6. O-O d6 7. d4 exd4 8. Nxd4 Bd7 9. Nxc6 Bxc6 10. Bxc6+ bxc6 11. Nc3 h6 12. Qf3 Qe7 13. e5 Nd5 14. Nxd5 cxd5 15. Qxd5 O-O 16. exd6 Bxd6 17. g3 Rad8 18. Qf3 Rfe8 19. Be3 Be5 20. c3 Rb8 21.
Rab1 Qe6 22. a3 Rb3 23. Rfe1 Bd6 24. Bd2 Qd7 25. Rxe8+ Qxe8 26. Qd5 Rb5 27. Qd3 Qe6 28. c4 Re5 29. b4 Re2 30. Be3 Ra2 31. Re1 Qf6 32.
Bd4 Qg5 33. Re8+ Bf8 34. Bc5 Ra1+ 35. Kg2 g6 36. Rxf8+ Kh7 37. Rxf7+ Kg8 38. Rf8+ Kg7 39.
Qd7+ 1-0

[Event "Early-Titled-Tuesday-Blitz-January-23-2024"]
[Site "Chess.com"]
[Date "2024.01.23"]
[Round "6"]
[White "NovakRatko"]
[Black "tarno17"]
[Result "1-0"]
[WhiteElo "2345"]
[BlackElo "2085"]
[TimeControl "180+1"]
[EndTime "9:04:58 PST"]
[Termination "NovakRatko won on time"]

1. d4 d5 2. c4 e6 3. Nc3 Nf6 4.
cxd5 exd5 5. f3 Bb4 6. Bg5 O-O 7. e3 Bf5 8. Bd3 Bg6 9. Ne2 Re8 10. Bxg6 fxg6 11.
O-O c6 12. Qd3 Nbd7 13. a3 Bd6 14. e4 dxe4 15. fxe4 Bxh2+ 16. Kh1 Bc7 17. e5 Nxe5 18. Qc2 Neg4 19. Qb3+ Kh8 20. Qxb7 h6 21. Bxf6 Nxf6 22.
Qxc6 Rb8 23. b4 Re7 24. Nf4 Kh7 25. Ne6 Qe8 26. Qxe8 Nxe8 27. Nxc7 Nxc7 28. Rae1 Rxe1 29. Rxe1 Rd8 30. Re7 1-0

[Event "Early-Titled-Tuesday-Blitz-January-23-2024"]
[Site "Chess.com"]
[Date "2024.01.23"]
[Round "6"]
[White "Zurability"]
[Black "Huragan007"]
[Result "1-0"]
[WhiteElo "2748"]
[BlackElo "2546"]
[TimeControl "180+1"]
[EndTime "9:05:00 PST"]
[Termination "Zurability won by checkmate"]

1. e4 c5 2. Nf3 d6 3. d4 cxd4 4. Nxd4 Nf6 5. Nc3 g6 6. Be3 Bg7 7. f3 Nc6 8. Bc4 O-O 9. Qd2 Bd7 10. O-O-O Na5 11. Bb3 Rb8 12. g4 b5 13. Bh6 Nc4 14. Qg5 Bxh6 15. Qxh6 Qa5 16. h4 b4 17. Nd5 Nxd5 18. h5 Nf6 19. hxg6 Ne5 20. g5 Nxf3 21. Nxf3 Bf5 22. gxf6 Bxg6 23. Qg7# 1-0

[Event "Early-Titled-Tuesday-Blitz-January-23-2024"]
[Site "Chess.com"]
[Date "2024.01.23"]
[Round "6"]
[White "PepeCuenca"]
[Black "jefferyx"]
[Result "0-1"]
[WhiteElo "2715"]
[BlackElo "3001"]
[TimeControl "180+1"]
[EndTime "9:05:04 PST"]
[Termination "jefferyx won by resignation"]

1. d4 d5 2. Bf4 Nf6 3. e3 e6 4. Nf3 c5 5. Nbd2 Nbd7 6. c3 Be7 7. Bd3 Nh5 8. Be5 Nhf6 9. Bf4 O-O 10. Ne5 Qb6 11. Rb1 cxd4 12. exd4 Nxe5 13. dxe5 Nd7 14. Nf3 Nc5 15. Bc2 Bd7 16. b4 Na6 17. a4 Rac8 18. Be3 Qc7 19. Bd4 Nb8 20. h4 g6 21.
h5 Nc6 22. hxg6 fxg6 23. Bd3 Nxd4 24. cxd4 Qc3+ 25. Kf1 Bxa4 26. Qe2 Bc2 27. Bxc2 Qxc2 28.
Qxc2 Rxc2 29. Kg1 a6 30. b5 a5 31. b6 a4 32. Kh2 Rxf2 33. Kg3 Rc2 34. Rhc1 Rfc8 35. Rxc2 Rxc2 36. Rb5 a3 37. Ra5 a2 38. Kf4 Bb4 39. Ra8+ Kg7 40. Ra7 Bc3 41. Rxb7+ Kh6 42. g4 g5+ 43. Kg3 a1=Q 0-1

[Event "Early-Titled-Tuesday-Blitz-January-23-2024"]
[Site "Chess.com"]
[Date "2024.01.23"]
[Round "6"]
[White "01Roman"]
[Black "Yushko_Olga"]
[Result "1-0"]
[WhiteElo "2488"]
[BlackElo "2180"]
[TimeControl "180+1"]
[EndTime "9:05:04 PST"]
[Termination "01Roman won by resignation"]

1. Nf3 e6 2. c4 Nf6 3. g3 d5 4. d4 Be7 5. Bg2 O-O 6. O-O c5 7. cxd5 exd5 8. Nc3 Nc6 9. Bg5 Be6 10. Rc1 h6 11.
Bxf6 Bxf6 12. dxc5 Qa5 13. Nxd5 Bxd5 14. Qxd5 Rad8 15.
Qb3 Qa6 16. e3 Na5 17. Qc2 Qb5 18. b3 Nc6 19. Qc4 Qa5 20. Rc2 Nb4 21. Re2 Nxa2 22. Nd4 Nb4 23. Qb5 Qxb5 24. Nxb5 b6 25. c6 Rd3 26.
Nxa7 Rxb3 27. c7 Rc3 28. c8=Q Rfxc8 29. Nxc8 Rxc8 30. Rb1 Nd3 31. Rd2 Ne5 32. Rdd1 Rb8 33. Rb5 Nc4 34. Bf1 Na3 35. Rb3 Nc2 36. Rc1 Nd4 37.
exd4 Bxd4 38. Rd3 Bc5 39. Rd7 f6 40. Bc4+ Kh7 41. Bd3+ Kg8 42. Ra1 Re8 43. Raa7 Bf8 44. Rab7 Re1+ 45. Kg2 Rd1 46. Bc4+ Kh7 47. Rxd1 1-0

[Event "Early-Titled-Tuesday-Blitz-January-23-2024"]
[Site "Chess.com"]
[Date "2024.01.23"]
[Round "6"]
[White "sterpfi"]
[Black "Orphanator2009"]
[Result "0-1"]
[WhiteElo "2222"]
[BlackElo "2474"]
[TimeControl "180+1"]
[EndTime "9:05:05 PST"]
[Termination "Orphanator2009 won by resignation"]

1. e4 c5 2. Nf3 d6 3. Bb5+ Bd7 4. Bxd7+ Nxd7 5. O-O Ngf6 6. Qe2 e6 7. c3 Be7 8. d4 O-O 9. Bf4 Rc8 10. Nbd2 Qc7 11.
Rac1 cxd4 12. cxd4 Qxc1 13. Rxc1 Rxc1+ 14. Nf1 Rc7 15. Ng3 a6 16. h4 Rfc8 17. Ne1 Rc4 18. Be3 d5 19. e5 Ne4 20. Nxe4 dxe4 21. Qg4 Bb4 22.
Kf1 Rc1 23. Bxc1 Rxc1 24. Qxe4 Rxe1+ 25. Qxe1 Bxe1 26. Kxe1 Nb6 27. Kd2 Nd5 28. g3 h5 29.
a3 Kh7 30. Kd3 Kg6 31. Kc4 b6 32. a4 a5 33. Kb5 Kf5 34. f3 g5 35. hxg5 Kxg5 36. Kc6 h4 37. gxh4+ Kxh4 38. Kd7 Kg3 39. Ke8 Kxf3 40. Kxf7 Nf4 41. d5 exd5 42. e6 Nxe6 43.
Kxe6 d4 44. Kd6 d3 45. Kc6 d2 46. Kxb6 d1=Q 47. Kxa5 Qb3 48. Ka6 Qxa4+ 0-1

[Event "Early-Titled-Tuesday-Blitz-January-23-2024"]
[Site "Chess.com"]
[Date "2024.01.23"]
[Round "6"]
[White "Nekoo04"]
[Black "sergeikim"]
[Result "1-0"]
[WhiteElo "2371"]
[BlackElo "2510"]
[TimeControl "180+1"]
[EndTime "9:05:06 PST"]
[Termination "Nekoo04 won by checkmate"]

1. d4 Nf6 2. c4 g6 3. Nc3 Bg7 4. e4 d6 5. Be2 O-O 6. Nf3 e5 7. d5 Nh5 8. g3 a5 9. Be3 Na6 10. Nd2 Nf6 11. g4 Nc5 12. g5 Ne8 13. Qc2 Bd7 14. O-O-O a4 15. h4 c6 16. h5 Rc8 17.
hxg6 fxg6 18. Rh2 Rf7 19. Rdh1 Bf8 20. Qd1 Qe7 21. Qg1 Nc7 22. Rh4 cxd5 23. exd5 b5 24. cxb5 Rb8 25. Bxc5 dxc5 26. Nde4 Nxb5 27. Bxb5 Bxb5 28.
Rxh7 Bg7 29. Qh2 Rf5 30. Rh8+ Bxh8 31. Qxh8+ Kf7 32. Rh7# 1-0

[Event "Early-Titled-Tuesday-Blitz-January-23-2024"]
[Site "Chess.com"]
[Date "2024.01.23"]
[Round "6"]
[White "NastyaHn"]
[Black "LuminaryHunter"]
[Result "1-0"]
[WhiteElo "2351"]
[BlackElo "2192"]
[TimeControl "180+1"]
[EndTime "9:05:11 PST"]
[Termination "NastyaHn won by resignation"]

1. Nc3 e5 2. Nf3 Nc6 3. d4 exd4 4. Nxd4 Nf6 5. Bg5 Be7 6. Qd2 h6 7. Bh4 d5 8. e3 O-O 9. Bg3 Nxd4 10. exd4 c6 11. Bd3 Re8 12. O-O Bd6 13. Rfe1 Bxg3 14. hxg3 b6 15. Ne2 Bb7 16. Nf4 Qd6 17.
c3 c5 18. Rad1 cxd4 19. cxd4 Ne4 20. Bxe4 dxe4 21. d5 Rad8 22. Qc3 Rc8 23. Qb3 Rc5 24.
Rd4 g5 25. Ne2 Rxd5 26. Red1 Rxd4 27. Rxd4 Qc5 28. Rd7 Re7 29. Rd8+ Kg7 30. Nd4 e3 31. fxe3 Qc1+ 32. Kh2 Rxe3 33. Qxe3 Qxe3 34. Nf5+ 1-0

[Event "Early-Titled-Tuesday-Blitz-January-23-2024"]
[Site "Chess.com"]
[Date "2024.01.23"]
[Round "6"]
[White "publicaccountcze"]
[Black "pfalcon1949"]
[Result "0-1"]
[WhiteElo "2308"]
[BlackElo "2039"]
[TimeControl "180+1"]
[EndTime "9:05:12 PST"]
[Termination "pfalcon1949 won on time"]

1. e4 e6 2. d4 d5 3. Nd2 Nc6 4. Ngf3 Nf6 5. e5 Nd7 6. Bd3 f6 7. Ng5 Nxd4 8. Qh5+ g6 9. Bxg6+ Ke7 10. c3 Nxe5 11. Bxh7 Nc2+ 12. Kd1 Nxa1 13. f4 Qe8 14. Qh4 Ng6 15. Bxg6 Rxh4 16. Bxe8 Kxe8 17. Ngf3 Rxf4 18. Re1 Bd7 19. Nd4 e5 20. Ne2 Rf2 21. Rg1 Bc5 22.
Nb3 Nxb3 0-1

[Event "Early-Titled-Tuesday-Blitz-January-23-2024"]
[Site "Chess.com"]
[Date "2024.01.23"]
[Round "6"]
[White "PawnEatingZombie"]
[Black "lularobs"]
[Result "1-0"]
[WhiteElo "2106"]
[BlackElo "1574"]
[TimeControl "180+1"]
[EndTime "9:05:12 PST"]
[Termination "PawnEatingZombie won on time"]

1. e4 e6 2. d4 d5 3. exd5 exd5 4. Bf4 Bd6 5. Qd2 Ne7 6. Nc3 c6 7. O-O-O Bf5 8. f3 Na6 9. g4 Bg6 10. Bxd6 Qxd6 11. f4 h5 12. f5 Bh7 13. Bxa6 bxa6 14. h3 O-O-O 15. Nge2 Kc7 16. Qf4 Qxf4+ 17. Nxf4 Rb8 18.
Na4 hxg4 19. hxg4 Nc8 20. Nc5 Rb6 21. g5 Ne7 22. g6 fxg6 23. fxg6 Nxg6 24. Nxg6 Bxg6 25.
Rxh8 Bf5 26. Re1 Kd6 27. Rd8+ Kc7 28. Rf8 g6 29. Re7+ Kd6 30. Rff7 1-0

[Event "Early-Titled-Tuesday-Blitz-January-23-2024"]
[Site "Chess.com"]
[Date "2024.01.23"]
[Round "6"]
[White "Andrej2004"]
[Black "atalz0"]
[Result "1-0"]
[WhiteElo "2635"]
[BlackElo "2464"]
[TimeControl "180+1"]
[EndTime "9:05:14 PST"]
[Termination "Andrej2004 won by resignation"]

1. e4 d5 2. exd5 Nf6 3. g3 Qxd5 4. Qf3 Bg4 5. Qxd5 Nxd5 6. Bg2 c6 7. d3 Nb4 8. Na3 e5 9. h3 Be6 10. Nf3 Nd7 11.
O-O Bd6 12. Re1 O-O-O 13. b3 Rhe8 14. Bb2 f6 15. Nd2 Bd5 16. Ndc4 Bc7 17. Ne3 Bxg2 18. Kxg2 Nb6 19. Nac4 N4d5 20. a3 Nxc4 21. bxc4 Ne7 22. Bc3 Bb6 23. a4 Bd4 24. Bxd4 exd4 25. Nf1 c5 26. Nd2 Nc6 27. Ne4 b6 28. Nd6+ Rxd6 29. Rxe8+ Kb7 30. Rae1 Ka6 31. R1e6 Rxe6 32. Rxe6 Nb4 33.
Re7 Nxc2 34. Kf3 f5 35. Rxg7 Ne1+ 36. Ke2 1-0

[Event "Early-Titled-Tuesday-Blitz-January-23-2024"]
[Site "Chess.com"]
[Date "2024.01.23"]
[Round "6"]
[White "ilushka"]
[Black "Andrey_Klymchuk"]
[Result "0-1"]
[WhiteElo "2449"]
[BlackElo "2748"]
[TimeControl "180+1"]
[EndTime "9:05:14 PST"]
[Termination "Andrey_Klymchuk won by checkmate"]

1. Nf3 c5 2. b3 Nf6 3. Bb2 g6 4. c4 Bg7 5. g3 b6 6. Bg2 Bb7 7.
O-O O-O 8. d4 cxd4 9. Qxd4 d6 10. Nc3 Nbd7 11. Rfd1 a6 12. Ne1 Bxg2 13. Nxg2 h5 14.
Ne3 Ng4 15. Qd2 Bh6 16. Ncd5 Nxe3 17. Nxe3 b5 18. Qd4 Nf6 19. c5 dxc5 20. Qxc5 Qe8 21. Ba3 Ne4 22. Qxe7 Qxe7 23. Bxe7 Rfe8 24. Nd5 Bg7 25.
Rac1 Rac8 26. Bb4 Rxc1 27. Rxc1 Rd8 28. Rd1 Kh8 29. f3 Nf6 30. e4 Nxd5 31. exd5 Kg8 32. d6 Bf8 33. Kf2 f5 34. Ke3 Kf7 35. Kf4 Kf6 36.
Bc3+ Kf7 37. Be5 Bh6# 0-1

[Event "Early-Titled-Tuesday-Blitz-January-23-2024"]
[Site "Chess.com"]
[Date "2024.01.23"]
[Round "6"]
[White "Better_Chess_Faster"]
[Black "diamonds13"]
[Result "0-1"]
[WhiteElo "2106"]
[BlackElo "2347"]
[TimeControl "180+1"]
[EndTime "9:05:14 PST"]
[Termination "diamonds13 won by resignation"]

1. d4 Nf6 2. Bg5 Ne4 3. Bf4 c5 4. f3 Qa5+ 5. c3 Nf6 6. d5 d6 7.
e4 g6 8. Nd2 b5 9. Bd3 c4 10.
Bc2 a6 11. Ne2 Bg7 12. O-O Qb6+ 13. Nd4 e5 14. dxe6 fxe6 15. Be3 Qc7 16. f4 Bb7 17. e5 dxe5 18. fxe5 Qxe5 19. Bf4 Qd5 20. Qe2 e5 21.
Qxe5+ Qxe5 22. Bxe5 Nbd7 23. Bd6 O-O-O 24. a4 Ng4 25.
Be4 Bh6 26. Bxb7+ Kxb7 27. Ne4 Rhe8 28. Nc5+ Nxc5 29. Bxc5 Be3+ 30. Kh1 Nf2+ 31. Rxf2 Bxf2 32. axb5 axb5 33. g3 Bxd4 34. Bxd4 Re2 35. Ra7+ Kc6 36. Rxh7 Rxd4 37. cxd4 Rxb2 38. Rg7 c3 39. Rxg6+ Kd5 40. Rg5+ Kxd4 41. Rxb5 Rxb5 0-1

[Event "Early-Titled-Tuesday-Blitz-January-23-2024"]
[Site "Chess.com"]
[Date "2024.01.23"]
[Round "6"]
[White "JeFumeDesClopes"]
[Black "Alex_Sahakyan2006"]
[Result "0-1"]
[WhiteElo "2542"]
[BlackElo "2719"]
[TimeControl "180+1"]
[EndTime "9:05:15 PST"]
[Termination "Alex_Sahakyan2006 won by resignation"]

1. Nf3 d5 2. g3 Bg4 3. c4 e6 4. Bg2 Nd7 5. cxd5 exd5 6. Qb3 Nc5 7. Qe3+ Be7 8. Nc3 Nf6 9. Ne5 d4 10. Qf4 Be6 11. Nb5 d3 12. b4 Na6 13. Nxd3 Nd5 14. Qe4 Ndxb4 15. Qxb7 Rb8 16. Nxb4 Rxb7 17. Nxa6 Rxb5 0-1

[Event "Early-Titled-Tuesday-Blitz-January-23-2024"]
[Site "Chess.com"]
[Date "2024.01.23"]
[Round "6"]
[White "Alexei_Kornev"]
[Black "Grandelicious"]
[Result "1-0"]
[WhiteElo "2746"]
[BlackElo "2897"]
[TimeControl "180+1"]
[EndTime "9:05:16 PST"]
[Termination "Alexei_Kornev won by resignation"]

1. e4 c5 2. Nf3 e6 3. d4 cxd4 4. Nxd4 a6 5. c4 Nf6 6. Nc3 Qc7 7. Be2 Bb4 8. Qb3 Bd6 9. h3 Nc6 10. Be3 Bf4 11. Bxf4 Qxf4 12. Nxc6 dxc6 13. Qc2 e5 14. Qd2 Qxd2+ 15. Kxd2 Be6 16. c5 O-O-O+ 17. Ke3 Rd4 18. f4 Rb4 19. f5 Bd7 20. Rab1 Kc7 21. Rhd1 g6 22. a3 Rd4 23. Rxd4 exd4+ 24. Kxd4 gxf5 25.
exf5 h5 26. Ke5 Ne8 27. Kf4 Ng7 28. g4 hxg4 29. hxg4 Rh2 30. Kg3 Rh8 31. Bf3 Bc8 32. Rh1 Rg8 33. Kf4 Kd8 34. Ke5 Ne8 35. Rh7 Ke7 36.
Kf4 Nf6 37. Rh1 Rd8 38. g5 Nd7 39. f6+ Ke6 40. Re1+ Ne5 1-0

[Event "Early-Titled-Tuesday-Blitz-January-23-2024"]
[Site "Chess.com"]
[Date "2024.01.23"]
[Round "6"]
[White "ScofieldMichael01"]
[Black "19912131712118"]
[Result "1-0"]
[WhiteElo "2609"]
[BlackElo "2423"]
[TimeControl "180+1"]
[EndTime "9:05:16 PST"]
[Termination "ScofieldMichael01 won by checkmate"]

1. Nf3 d6 2. d4 Nf6 3. g3 g6 4.
b3 Bg7 5. Bb2 O-O 6. Bg2 c5 7.
O-O Nc6 8. c4 Bg4 9. d5 Nb4 10.
Nc3 Na6 11. h3 Bd7 12. Qc2 Nc7 13. e4 b5 14. cxb5 Nxb5 15. Nxb5 Bxb5 16. Rfe1 Rc8 17. e5 Nxd5 18. exd6 exd6 19. Bxg7 Kxg7 20. Rad1 Nf6 21. Qb2 c4 22. bxc4 Bxc4 23. g4 h6 24. h4 Kg8 25. Qd4 Be6 26. Qf4 Rc4 27. Rd4 Rxd4 28. Nxd4 Bxg4 29. Qxh6 Nh5 30. Bd5 Qf6 31. Nc6 Be6 32.
Bf3 Qxf3 33. Ne7# 1-0

[Event "Early-Titled-Tuesday-Blitz-January-23-2024"]
[Site "Chess.com"]
[Date "2024.01.23"]
[Round "6"]
[White "Alexei_Gubajdullin"]
[Black "dirk_da_player"]
[Result "1-0"]
[WhiteElo "2590"]
[BlackElo "2384"]
[TimeControl "180+1"]
[EndTime "9:05:17 PST"]
[Termination "Alexei_Gubajdullin won on time"]

1. d4 d5 2. Nf3 Nf6 3. Bf4 c5 4. e3 e6 5. Nbd2 Bd6 6. Bg3 Nc6 7. c3 O-O 8. Ne5 Qc7 9. f4 Ne7 10. Bd3 Nf5 11. Qf3 Be7 12. h4 Nd6 13. h5 h6 14.
Bh4 b6 15. Bxf6 Bxf6 16. g4 Bb7 17. g5 hxg5 18. h6 Ne4 19. hxg7 Bxg7 20. Nxe4 dxe4 21. Bxe4 Bxe4 22. Qxe4 f5 23. Qg2 Bxe5 24. dxe5 g4 25. Qh2 Qg7 26. O-O-O Rad8 27. Rd6 Rxd6 28. exd6 Rd8 29.
Rd1 g3 30. Qh4 Rd7 31. Rg1 g2 32. Qh3 Kf8 33. Rxg2 Qf6 34. Qg3 Qf7 35. Qg5 Rxd6 36.
Qh6+ Ke8 37. Qh8+ Ke7 38. Rg7 1-0

[Event "Early-Titled-Tuesday-Blitz-January-23-2024"]
[Site "Chess.com"]
[Date "2024.01.23"]
[Round "6"]
[White "Zgorl"]
[Black "hsd2016"]
[Result "1-0"]
[WhiteElo "2508"]
[BlackElo "2293"]
[TimeControl "180+1"]
[EndTime "9:05:17 PST"]
[Termination "Zgorl won by resignation"]

1. Nf3 Nf6 2. g3 g6 3. b3 Bg7 4.
Bb2 O-O 5. Bg2 c5 6. O-O b6 7. c4 Bb7 8. d4 cxd4 9. Qxd4 Nc6 10.
Qh4 d6 11. Nc3 Rc8 12. Rad1 Qd7 13. e4 Qg4 14. Qxg4 Nxg4 15. Bh3 h5 16. Rd2 Rcd8 17.
Rfd1 Bh6 18. Re2 Nf6 19. Nd5 Nd7 20. Bxd7 Rxd7 21. e5 dxe5 22. Nf6+ exf6 23. Rxd7 Rb8 24.
Nd2 Bg7 25. Ne4 Nd8 26. Nd6 Bc6 27. Rxa7 Bf8 28. Ne4 Ne6 29. Nxf6+ Kg7 30. Bxe5 1-0

[Event "Early-Titled-Tuesday-Blitz-January-23-2024"]
[Site "Chess.com"]
[Date "2024.01.23"]
[Round "6"]
[White "SmirnovTimofey2000"]
[Black "GrotBchess"]
[Result "0-1"]
[WhiteElo "1961"]
[BlackElo "2307"]
[TimeControl "180+1"]
[EndTime "9:05:17 PST"]
[Termination "GrotBchess won by resignation"]

1. e4 c5 2. c3 e6 3. d4 Nf6 4. e5 Nd5 5. Nf3 cxd4 6. cxd4 Nc6 7. Nc3 d6 8. Bc4 Nxc3 9. bxc3 dxe5 10. d5 exd5 11. Bxd5 Be7 12. Bxc6+ bxc6 13. Qxd8+ Bxd8 14. Nxe5 Bf6 15. f4 O-O 16. O-O Ba6 17. Re1 c5 18. Nd7 Bxc3 19. Be3 Bxa1 20. Nxf8 Bd4 21. Bxd4 cxd4 22. Nd7 h6 23. Rd1 d3 24. Nc5 Bc4 25. Nxd3 Rd8 26. Nf2 Rxd1+ 27. Nxd1 Bxa2 28. Kf2 Kf8 29. Ke3 Ke7 30. g4 Be6 31. f5 Bb3 32. Nc3 a5 33.
Kd4 a4 34. Nb1 Kf6 35. Ke4 Bc2+ 0-1

[Event "Early-Titled-Tuesday-Blitz-January-23-2024"]
[Site "Chess.com"]
[Date "2024.01.23"]
[Round "6"]
[White "anasta10"]
[Black "enriquetejedor"]
[Result "0-1"]
[WhiteElo "2517"]
[BlackElo "2728"]
[TimeControl "180+1"]
[EndTime "9:05:20 PST"]
[Termination "enriquetejedor won on time"]

1. Nf3 d6 2. d4 Nf6 3. Nc3 g6 4. e4 Bg7 5. Be3 a6 6. Qd2 b5 7. Bd3 Bb7 8. a3 Nbd7 9. Bh6 Bxh6 10. Qxh6 c5 11. d5 e6 12. dxe6 fxe6 13. O-O Qe7 14. Rfe1 Ng4 15. Qf4 Nge5 16. Nxe5 Nxe5 17. Bf1 Rf8 18. Qg3 g5 19. b4 Rc8 20. Rac1 cxb4 21.
axb4 h5 22. Nd1 h4 23. Qe3 Rf7 24. Qb6 Rc6 25. Qd4 h3 26. Nb2 hxg2 27. Bxg2 g4 28.
Nd3 Nf3+ 29. Bxf3 gxf3 30. Kh1 e5 31. Qe3 Rc4 32. Qh6 Bxe4 33. Nb2 Rxb4 34. Nd1 Rh7 35.
Qe3 Rxh2+ 36. Kxh2 Qh4+ 37. Kg1 Qg4+ 0-1

[Event "Early-Titled-Tuesday-Blitz-January-23-2024"]
[Site "Chess.com"]
[Date "2024.01.23"]
[Round "6"]
[White "Adar_07"]
[Black "colegiodemadrid"]
[Result "0-1"]
[WhiteElo "2633"]
[BlackElo "2492"]
[TimeControl "180+1"]
[EndTime "9:05:21 PST"]
[Termination "colegiodemadrid won by resignation"]

1. Nf3 Nf6 2. g3 e6 3. Bg2 d5 4. O-O Be7 5. c4 dxc4 6. Qa4+ Nbd7 7. Qxc4 a6 8. d4 b5 9. Qc2 Bb7 10. a4 b4 11. Bf4 c5 12. Nbd2 Rc8 13. dxc5 Nxc5 14.
Rfd1 O-O 15. Nc4 Ncd7 16. b3 Bd5 17. Nfd2 Bxg2 18. Kxg2 Rc5 19. Be3 Qa8+ 20. f3 Rcc8 21. Ne4 Nd5 22. Bf2 Ne5 23. Rac1 f5 24. Ned2 Ng4 25. e4 Nde3+ 26. Nxe3 Nxe3+ 27. Bxe3 Rxc2 28. Rxc2 Rc8 29. Rdc1 Rxc2 30. Rxc2 Bf6 31. Rc4 Bc3 32. Kf2 Qd8 33. Ke2 h6 34. f4 Bxd2 35. Bxd2 fxe4 36.
Rxe4 Qd5 37. Rxb4 Qg2+ 38. Ke3 Qxh2 39. Be1 Qg1+ 40. Ke2 Qg2+ 41. Bf2 Qd5 42. Rb6 Qe4+ 43. Be3 e5 44. fxe5 Qxe5 45. Rxa6 Qxg3 46. Rb6 h5 47. a5 Qg4+ 48. Kd2 Qg2+ 49. Kd3 Qd5+ 50. Bd4 Qxa5 51.
Rg6 Qf5+ 0-1

[Event "Early-Titled-Tuesday-Blitz-January-23-2024"]
[Site "Chess.com"]
[Date "2024.01.23"]
[Round "6"]
[White "Juicy_Fork"]
[Black "doctorcristian"]
[Result "0-1"]
[WhiteElo "2437"]
[BlackElo "2618"]
[TimeControl "180+1"]
[EndTime "9:05:22 PST"]
[Termination "doctorcristian won on time"]

1. e4 c6 2. Nc3 d5 3. Nf3 Bg4 4. h3 Bxf3 5. Qxf3 e6 6. Be2 Nf6 7. O-O Nbd7 8. d4 g6 9. e5 Nh5 10. g4 Ng7 11. Qg3 Be7 12. Bh6 Rg8 13. f4 Qb6 14.
Rad1 O-O-O 15. Qd3 c5 16. Na4 Qc6 17. Nxc5 Nxc5 18. dxc5 Bxc5+ 19. Kh2 Kb8 20. Bg5 Rc8 21. c3 Bb6 22. a4 h5 23. gxh5 gxh5 24. Qb5 Qc7 25.
Bd3 Ne8 26. h4 a6 27. Qb3 Ka8 28. a5 Bc5 29. Qc2 Be7 30. Qe2 f6 31. exf6 Nxf6 32.
Qxe6 Ng4+ 33. Kh3 Bxg5 34. hxg5 Rxg5 35. Qxc8+ Qxc8 36. fxg5 Ne3+ 0-1

[Event "Early-Titled-Tuesday-Blitz-January-23-2024"]
[Site "Chess.com"]
[Date "2024.01.23"]
[Round "6"]
[White "invisible_s0ul"]
[Black "Matols"]
[Result "0-1"]
[WhiteElo "2237"]
[BlackElo "2374"]
[TimeControl "180+1"]
[EndTime "9:05:22 PST"]
[Termination "Matols won by resignation"]

1. e4 c6 2. d4 d5 3. Nc3 dxe4 4. Nxe4 Nf6 5. Nxf6+ exf6 6. c3 Bd6 7. Bd3 O-O 8. Qc2 Re8+ 9. Ne2 h5 10. Be3 Be6 11.
O-O-O Nd7 12. Kb1 Nf8 13. c4 b5 14. d5 cxd5 15. c5 Be5 16. Bxb5 Rb8 17. Qa4 Bf5+ 18. Kc1 Bd7 19. c6 Qc7 20. Rxd5 Rxb5 21. Rxb5 Bxc6 22. Kb1 Bxb5 23. Qxb5 Rb8 24. Qc5 Rxb2+ 25.
Kc1 Qxc5+ 26. Bxc5 Rxe2 27. Rd1 Ne6 28. Be3 Rxa2 29.
Rd7 a5 30. Ra7 a4 31. Ra8+ Kh7 0-1

[Event "Early-Titled-Tuesday-Blitz-January-23-2024"]
[Site "Chess.com"]
[Date "2024.01.23"]
[Round "6"]
[White "KVAIDAN"]
[Black "OneTrickPony_82"]
[Result "1-0"]
[WhiteElo "2369"]
[BlackElo "2509"]
[TimeControl "180+1"]
[EndTime "9:05:24 PST"]
[Termination "KVAIDAN won by resignation"]

1. f4 d5 2. Nf3 Bf5 3. e3 e6 4. Be2 Nf6 5. O-O Be7 6. b3 O-O 7. Bb2 c5 8. Ne5 Nfd7 9. g4 Nxe5 10. gxf5 Nec6 11. fxe6 fxe6 12. Bg4 Bf6 13. Bxe6+ Kh8 14.
Nc3 d4 15. Ne4 Qe7 16. f5 Be5 17. Qg4 Nd7 18. Bxd7 Qxd7 19. Nxc5 Bxh2+ 20. Kxh2 Qd6+ 21. Kg1 Qxc5 22. exd4 Qxc2 23. Bc3 Rae8 24. Rae1 h6 25. d5 Ne5 26. Rxe5 Rxe5 27. Bxe5 Rf7 28. Qg6 Qc5+ 29. d4 Qxd5 30. Qxh6+ Kg8 31. Qe6 Qe4 32. Qe8+ Kh7 33.
Qxf7 Qg4+ 34. Kh2 Qe2+ 35. Kg3 Qd3+ 36. Rf3 1-0

[Event "Early-Titled-Tuesday-Blitz-January-23-2024"]
[Site "Chess.com"]
[Date "2024.01.23"]
[Round "6"]
[White "BeardedNM"]
[Black "SanchezKelvin"]
[Result "0-1"]
[WhiteElo "2211"]
[BlackElo "2559"]
[TimeControl "180+1"]
[EndTime "9:05:25 PST"]
[Termination "SanchezKelvin won by resignation"]

1. e4 e5 2. Nc3 Nc6 3. Nf3 Bc5 4. Nxe5 Nxe5 5. d4 Bd6 6. dxe5 Bxe5 7. Bd3 d6 8. O-O Nf6 9. f4 Bd4+ 10. Kh1 O-O 11. Ne2 Bb6 12. f5 h6 13. Ng3 Re8 14. Bf4 Bd4 15.
c3 Be5 16. Nh5 Bxf4 17. Rxf4 Nxh5 18. Qxh5 Qg5 19. Qf3 Re5 20. Rg4 Qf6 21. Bc4 Kh8 22. Rf1 Bd7 23. Bd5 c6 24. Bb3 Rae8 25. Rd1 d5 26. Bc2 dxe4 27. Rxe4 Bxf5 28. Rxe5 Rxe5 29.
Bxf5 Rxf5 30. Qd3 Rf2 31. Qd8+ Qxd8 32. Rxd8+ Kh7 33. Kg1 Rxb2 34. Rd7 Kg6 35. h4 h5 36. Kh2 a5 37. Kg3 b5 38. Ra7 Rxa2 39. Ra6 f6 40.
Rxc6 Ra3 41. Rb6 Rxc3+ 42. Kf4 Rc4+ 0-1

[Event "Early-Titled-Tuesday-Blitz-January-23-2024"]
[Site "Chess.com"]
[Date "2024.01.23"]
[Round "6"]
[White "Kunalm64"]
[Black "TitarovVasiliYouTube"]
[Result "1-0"]
[WhiteElo "2491"]
[BlackElo "2532"]
[TimeControl "180+1"]
[EndTime "9:05:26 PST"]
[Termination "Kunalm64 won on time"]

1. e4 c5 2. Nf3 Nf6 3. e5 Nd5 4.
Nc3 Nxc3 5. dxc3 Nc6 6. Be2 Qc7 7. O-O Nxe5 8. Nxe5 Qxe5 9. Re1 Qc7 10. g3 d6 11.
Bf3 Bd7 12. Bf4 O-O-O 13. a4 Bc6 14. a5 e5 15. Be3 f5 16. Bd5 Kb8 17. b4 Be7 18.
Rb1 Rhf8 19. c4 f4 20. Bc1 fxg3 21. hxg3 Bxd5 22. Qxd5 cxb4 23. Be3 Qc6 24. Rxb4 Qxd5 25. cxd5 Rd7 26. c4 Bd8 27. Ra1 Ka8 28. Kf1 1-0

[Event "Early-Titled-Tuesday-Blitz-January-23-2024"]
[Site "Chess.com"]
[Date "2024.01.23"]
[Round "6"]
[White "Rgoltsman"]
[Black "Shodikulov_Jamshid1990"]
[Result "0-1"]
[WhiteElo "2265"]
[BlackElo "2477"]
[TimeControl "180+1"]
[EndTime "9:05:26 PST"]
[Termination "Shodikulov_Jamshid1990 won on time"]

1. b3 e5 2. Bb2 Nc6 3. e3 a6 4.
Nf3 d6 5. d4 exd4 6. exd4 d5 7.
Ne5 Nf6 8. Bd3 Bb4+ 9. Nd2 Nxe5 10. dxe5 Ne4 11. Bxe4 dxe4 12. c3 e3 13. fxe3 Bc5 14.
Qf3 Qh4+ 15. g3 Qh6 16. Nc4 O-O 17. Qf4 Qh5 18. g4 Bxg4 19. Rg1 Be6 20. Rg5 Qh6 21. Ke2 f6 22. Rg2 Qh5+ 23. Qf3 Qxf3+ 24. Kxf3 fxe5+ 25. Ke4 Rae8 26. Rag1 g6 27. Kd3 Rd8+ 28. Ke2 Bxc4+ 29. bxc4 e4 30. h4 Rf3 31. Rg3 Rdf8 32. h5 Rf2+ 33. Ke1 Rxb2 34. hxg6 h6 0-1